 Dungeon Crawl Stone Soup version 0.23.2-1-ga50397a (webtiles) character file.

Game seed: 10599848911365201641

163 Fang the Skirmisher (level 5, -1/34 HPs)
             Began as a Gargoyle Berserker on May 31, 2019.
             Was a Priest of Trog.
             Slain by an adder (4 damage)
             ... on level 3 of the Dungeon.
             The game lasted 00:01:40 (1938 turns).

Fang the Skirmisher (Gargoyle Berserker)            Turns: 1938, Time: 00:01:41

Health: -1/34      AC:  6    Str: 22    XL:     5   Next: 44%
Magic:  5/5        EV: 12    Int:  7    God:    Trog [***...]
Gold:   108        SH:  0    Dex:  9    Spells: 4/4 levels left

rFire    . . .     SeeInvis .   a - +0 hand axe
rCold    . . .     Gourm    +   (no shield)
rNeg     + . .     Faith    .   b - +0 animal skin
rPois    ∞         Spirit   .   (no helmet)
rElec    +         Reflect  .   (no cloak)
rCorr    .         Harm     .   (no gloves)
MR       .....                  (no boots)
Stlth    +.........             l - amulet of the gourmand
HPRegen  0.11/turn              (no ring)
MPRegen  0.09/turn              (no ring)

@: berserk cooldown, slowed, very slow
A: negative energy resistance 1, electricity resistance, unbreathing,
petrification resistance, rot immunity, AC +4
a: Berserk, Trog's Hand, Renounce Religion


You were on level 3 of the Dungeon.
You worshipped Trog.
Trog was most pleased with you.
You were full.

You visited 1 branch of the dungeon, and saw 3 of its levels.

You collected 108 gold pieces.

Inventory:

Hand Weapons
 a - a +0 hand axe (weapon)
Armour
 b - a +0 animal skin (worn)
Jewellery
 l - an amulet of the gourmand (around neck)
Scrolls
 d - 3 scrolls of remove curse
 j - 2 scrolls of identify {unknown}
 m - a scroll of enchant weapon {unknown}
Potions
 e - 2 potions of curing {unknown}
 f - a potion of flight {unknown}
 g - a potion of resistance {unknown}
 i - a potion of cancellation {unknown}
 k - a potion of brilliance {unknown}
Comestibles
 c - 3 rations


   Skills:
 + Level 4.3 Fighting
 + Level 3.5 Axes
 + Level 3.5 Armour
 + Level 2.5 Dodging


You had 4 spell levels left.
You didn't know any spells.
Your spell library was empty.

Dungeon Overview and Level Annotations

Branches:
Dungeon (2/15)

Altars:


Innate Abilities, Weirdness & Mutations

You are resistant to torment.
Your stone body is resilient. (AC +4)
You are immune to poison.
You resist negative energy. (rN+)
You are resistant to electric shocks. (rElec)
You can survive without breathing.
You are immune to petrification.
You are immune to rotting.


Message History

You closely miss the adder. You miss the adder.
The adder bites you but does no damage.
You miss the adder. The adder bites you but does no damage.
You hit the adder.
The adder is moderately wounded.
The adder bites you but does no damage.
You miss the adder.
The adder is moderately wounded.
You are no longer berserk.
You are exhausted.
You feel yourself slow down. The adder bites you.
* * * LOW HITPOINT WARNING * * *
You miss the adder.
The adder is moderately wounded.
The adder bites you but does no damage. The adder bites you.
* * * LOW HITPOINT WARNING * * *
You miss the adder.
The adder is moderately wounded.
The adder bites you.
You die...

#......## .'
+.....## #
#.....# #..††.+
.#.....#### .
#.......†...# ...
#..#........#....
#. #....†).......
# #....S@.......
#.[...........
#.............
...............
###............
##########.## .#
#


You could see an adder.

Vanquished Creatures
  An orc wizard (D:3)
  4 adders
  3 oozes
  A worm (D:3)
  3 dart slugs
  3 leopard geckos
  4 orcs (D:3)
  2 giant cockroaches
  7 goblins
  9 hobgoblins
  8 jackals
  9 kobolds
  7 bats
  2 frilled lizards (D:2)
  7 rats
70 creatures vanquished.

Notes
Turn   | Place    | Note
-------+----------+-------------------------------------------
     0 | D:1      | Fang the Gargoyle Berserker began the quest for the Orb.
     0 | D:1      | Reached XP level 1. HP: 14/14 MP: 1/1
    49 | D:1      | Reached XP level 2. HP: 17/19 MP: 2/2
   468 | D:1      | Reached XP level 3. HP: 16/24 MP: 3/3
   692 | D:1      | Reached ** piety under Trog
  1387 | D:2      | Reached XP level 4. HP: 29/29 MP: 4/4
  1507 | D:2      | Reached skill level 4 in Fighting
  1769 | D:2      | You fall through a shaft!
  1778 | D:3      | Reached XP level 5. HP: 33/33 MP: 5/5
  1928 | D:3      | Reached *** piety under Trog
  1938 | D:3      | Slain by an adder

Skill      XL: |  1  2  3  4 |
---------------+-------------+-----
Axes           | 3 |  3.5
Dodging        | 2 |  2.5
Armour         | 3 |  3.5
Fighting       | 4 |  4.3

Action                   |  1- 3 |  4- 6 || total
-------------------------+-------+-------++-------
Melee: Hand axe          |   123 |    85 ||   208
Invok: Berserk           |       |     2 ||     2
  Use: Scroll            |     1 |       ||     1
  Eat: Chunk             |     7 |     9 ||    16
Armor: Animal skin       |    49 |    46 ||    95
Dodge: Dodged            |    68 |    62 ||   130
